 Dungeon Crawl Stone Soup version 0.22-a0-445-g8c8ef71 (webtiles) character file.

709466 PegasusDuck the Metallomancer (level 27, -13/193 HPs)
             Began as a Deep Elf Earth Elementalist on June 1, 2018.
             Was the Champion of Vehumet.
             Killed from afar by a Hell Sentinel (31 damage)
             ... with damnation
             ... on level 26 of a ziggurat on June 2, 2018.
             The game lasted 04:46:58 (74064 turns).

PegasusDuck the Metallomancer (DEEE)               Turns: 74064, Time: 04:46:59

Health: -13/193    AC: 36    Str:  5    XL:     27
Magic:  2/51       EV: 26    Int: 42    God:    Vehumet [******]
Gold:   4614       SH: 18    Dex: 17    Spells: 6/70 levels left

rFire    + . .     SeeInvis .   c - staff of earth
rCold    + + +     Gourm    .   i - +5 shield {reflect}
rNeg     + + .     Faith    .   (armour currently unavailable)
rPois    ∞         Spirit   .   (no helmet)
rElec    +         Reflect  +   G - +0 cloak "Qawk" {rPois rC+ Regen+ Stlth-}
rCorr    +         Harm     .   (gloves currently unavailable)
MR       +++..                  (boots currently unavailable)
Stlth    ++++......             U - amulet of Giniweic {rC+ Regen+ Str+2}
HPRegen  1.22/turn              M - ring "Gorphio" {rF+ rN+ Dex+4}
MPRegen  0.32/turn              n - ring "Ewnixani" {rCorr Int+8}

@: statue-form, very slightly contaminated, studying Armour, very slow
A: blurry vision 2, clumsy 1, cold resistance 1, magic resistance 1, sense
surroundings 1, electricity resistance, weak 1
}: 3/15 runes: serpentine, barnacled, slimy
a: End Transformation, Renounce Religion


You were on level 26 of a ziggurat.
You worshipped Vehumet.
Vehumet was exalted by your worship.
You were not hungry.
You were a stone statue.
You visited 10 branches of the dungeon, and saw 52 of its levels.
You visited 1 ziggurat, and saw 26 of its levels.
You also visited: Sewer, Ossuary, Bailey, Ice Cave and Wizlab.

You collected 7015 gold pieces.
You spent 2401 gold pieces at shops.

Inventory:

Armour
 h - the +2 helmet of Kleptomania {rC+++ MR+ Dex+4 Stlth-}
   (You found it on level 5 of the Pits of Slime)

   It affects your dexterity (+4).
   It renders you almost immune to cold.
   It affects your resistance to hostile enchantments.
   It makes you less stealthy.
 i - a +5 shield of reflection (worn)
 k - the +2 pair of gloves "Mogg" (melded) {rN+ Int+4}
   (You found it on level 20 of a ziggurat)

   It affects your intelligence (+4).
   It protects you from negative energy.
 G - the +0 cloak "Qawk" (worn) {rPois rC+ Regen+ Stlth-}
   (You found it in a wizard's laboratory)

   It protects you from cold.
   It protects you from poison.
   It increases your rate of regeneration.
   It makes you less stealthy.
 H - the +4 large shield of the Heavens {rN+ Dex+2}
   (You found it on level 8 of a ziggurat)

   It affects your dexterity (+2).
   It protects you from negative energy.
 P - the +2 robe "Vesmaumnu" (melded) {rF+ rCorr Str+2}
   (You found it on level 9 of the Dungeon)

   It affects your strength (+2).
   It protects you from fire.
   It protects you from acid and corrosion.
 R - a +2 pair of boots (melded)
Magical Staves
 c - an uncursed staff of earth (weapon)
 l - an uncursed staff of fire
 q - an uncursed staff of power
Jewellery
 n - the ring "Ewnixani" (right hand) {rCorr Int+8}
   (You acquired it on level 3 of the Elven Halls)

   [ring of resist corrosion]

   It affects your intelligence (+8).
 M - the ring "Gorphio" (left hand) {rF+ rN+ Dex+4}
   (You found it on level 11 of a ziggurat)

   [ring of dexterity]

   It affects your dexterity (+4).
   It protects you from fire.
   It protects you from negative energy.
 T - an uncursed amulet of the acrobat {unknown}
 U - the amulet of Giniweic (around neck) {rC+ Regen+ Str+2}
   (You found it on level 3 of the Vaults)

   [amulet of regeneration]

   It affects your strength (+2).
   It protects you from cold.
   It increases your rate of regeneration.
Wands
 t - a wand of acid (10)
 F - a wand of paralysis (30)
 J - a wand of disintegration (72)
 N - a wand of digging (14)
 Q - a wand of flame (82)
 X - a wand of iceblast (40)
 Z - a wand of clouds (8)
Scrolls
 a - 20 scrolls of enchant weapon
 b - 9 scrolls of magic mapping
 e - 28 scrolls of remove curse
 g - 5 scrolls of enchant armour
 o - 2 scrolls of immolation
 p - 10 scrolls of fog
 u - 8 scrolls of amnesia
 w - a scroll of holy word
 D - 14 scrolls of identify
 O - 28 scrolls of teleportation
 V - 6 scrolls of brand weapon
 Y - 2 scrolls of silence
Potions
 d - 23 potions of curing
 s - 2 potions of resistance
 z - 12 potions of flight
 A - 2 potions of agility
 E - 12 potions of mutation
 W - 6 potions of cancellation
Books
 m - a manual of Armour
Miscellaneous
 j - a lamp of fire
 B - 3 boxes of beasts
 I - a crystal ball of energy
 K - 2 phantom mirrors
 L - a phial of floods (inert)
Comestibles
 f - 50 rations


   Skills:
 - Level 9.0 Fighting
 - Level 10.0 Armour
 - Level 18.0 Dodging
 - Level 13.0 Stealth
 - Level 16.5 Shields
 - Level 22.0 Spellcasting
 - Level 21.7 Conjurations
 - Level 10.6 Summonings
 - Level 18.0 Translocations
 - Level 1.1 Transmutations
 - Level 21.4 Fire Magic
 + Level 12.7 Air Magic
 - Level 22.0 Earth Magic
 - Level 4.2 Evocations


You had 6 spell levels left.
You knew the following spells:

 Your Spells              Type           Power        Failure   Level  Hunger
a - Controlled Blink      Tloc           N/A          1%          8    None
b - Tornado               Air            ########..   50%         9    ###....
f - Lee's Rapid Deconstr  Erth           ########..   0%          5    None
g - Bolt of Magma         Conj/Fire/Erth ########..   0%          5    None
h - Iron Shot             Conj/Erth      ########..   0%          6    None
i - Spellforged Servitor  Conj/Summ      ########..   1%          7    None
j - Shatter               Erth           ########..   1%          9    ###....
k - Fire Storm            Conj/Fire      ########..   1%          9    ###....
l - Statue Form           Tmut/Erth      ########.    1%          6    None

Your spell library contained the following spells:

 Spells                   Type           Power        Failure   Level  Hunger
 Cause Fear               Hex            #####.....   4%          4    None
 Magic Dart               Conj           ####         0%          1    None
 Fireball                 Conj/Fire      ########..   0%          5    None
 Apportation              Tloc           ######       0%          1    None
 Conjure Flame            Conj/Fire      ########     0%          3    None
 Bolt of Fire             Conj/Fire      ########..   0%          6    None
 Bolt of Cold             Conj/Ice       #######...   1%          6    None
 Lightning Bolt           Conj/Air       ########..   0%          5    None
 Slow                     Hex            #####...     1%          2    None
 Confuse                  Hex            #####...     1%          3    None
 Invisibility             Hex            #####...     56%         6    None
 Throw Flame              Conj/Fire      ######       0%          2    None
 Mephitic Cloud           Conj/Pois/Air  #######.     0%          3    None
 Ring of Flames           Chrm/Fire      #######...   4%          7    None
 Venom Bolt               Conj/Pois      #######...   1%          5    None
 Olgreb's Toxic Radiance  Pois           #####...     1%          4    None
 Teleport Other           Tloc           ########     0%          3    None
 Summon Small Mammal      Summ           ####         0%          1    None
 Bolt of Draining         Conj/Necr      #######...   1%          5    None
 Blink                    Tloc           N/A          0%          2    None
 Iskenderun's Mystic Bla  Conj           ########     0%          4    None
 Animate Dead             Necr           N/A          4%          4    None
 Pain                     Necr           ####         1%          1    None
 Animate Skeleton         Necr           N/A          1%          1    None
 Vampiric Draining        Necr           #####.....   1%          3    None
 Sticky Flame             Conj/Fire      ########     0%          4    None
 Summon Ice Beast         Ice/Summ       ######..     1%          4    None
 Ozocubu's Armour         Chrm/Ice       #####...     1%          3    None
 Call Imp                 Summ           #######.     0%          2    None
 Regeneration             Chrm/Necr      #####.....   1%          3    None
 Sting                    Conj/Pois      ####         0%          1    None
 Sublimation of Blood     Necr           #####.....   1%          2    None
 Tukima's Dance           Hex            #####...     1%          3    None
 Corpse Rot               Necr           N/A          1%          2    None
 Stone Arrow              Conj/Erth      ######       0%          3    None
 Shock                    Conj/Air       ####         0%          1    None
 Swiftness                Chrm/Air       #######.     1%          2    None
 Recall                   Summ/Tloc      N/A          0%          3    None
 Agony                    Necr           #####...     12%         5    None
 Spider Form              Tmut/Pois      ######....   1%          3    None
 Blade Hands              Tmut           ######....   8%          5    None
 Ice Form                 Ice/Tmut       ######..     3%          4    None
 Dragon Form              Tmut           ######....   94%         7    None
 Death Channel            Necr           #####.....   56%         6    None
 Deflect Missiles         Chrm/Air       #######...   4%          6    None
 Throw Icicle             Conj/Ice       #######.     1%          4    None
 Airstrike                Air            ########..   1%          4    None
 Confusing Touch          Hex            #####.       1%          1    None
 Flame Tongue             Conj/Fire      #####        0%          1    None
 Passwall                 Tmut/Erth      ########     0%          2    None
 Ignite Poison            Fire/Tmut/Pois #######.     1%          3    None
 Sticks to Snakes         Tmut           ######..     1%          2    None
 Call Canine Familiar     Summ           #######.     1%          3    None
 Ensorcelled Hibernation  Hex/Ice        #####.       1%          2    None
 Summon Butterflies       Summ           #######.     0%          1    None
 Silence                  Hex/Air        #######...   1%          5    None
 Dispersal                Tloc           ########..   1%          6    None
 Static Discharge         Conj/Air       ########     0%          3    None
 Corona                   Hex            #####..      1%          1    None
 Alistair's Intoxication  Tmut/Pois      ######..     10%         5    None
 Sandblast                Erth           ######       0%          1    None
 Simulacrum               Ice/Necr       #####.....   56%         6    None
 Conjure Ball Lightning   Conj/Air       ########..   1%          6    None
 Portal Projectile        Hex/Tloc       ######       1%          3    None
 Petrify                  Tmut/Erth      ########     1%          4    None
 Passage of Golubria      Tloc           N/A          0%          4    None
 Leda's Liquefaction      Hex/Erth       ########..   1%          4    None
 Summon Hydra             Summ           #######...   4%          7    None
 Shroud of Golubria       Chrm/Tloc      #######...   0%          2    None
 Inner Flame              Hex/Fire       #######.     0%          3    None
 Beastly Appendage        Tmut           ######       1%          1    None
 Disjunction              Tloc           ########..   1%          8    None
 Fulminant Prism          Conj/Hex       #######...   1%          4    None
 Dazzling Spray           Conj/Hex       ######       0%          3    None
 Force Lance              Conj/Tloc      ########     0%          4    None
 Searing Ray              Conj           ######       0%          2    None
 Discord                  Hex            #####.....   100%        8    None
 Summon Forest            Summ/Tloc      ########..   1%          5    None
 Summon Lightning Spire   Summ/Air       #######.     1%          4    None
 Summon Guardian Golem    Hex/Summ       ######..     1%          3    None
 Dragon's Call            Summ           #######...   99%         9    ###....
 Summon Mana Viper        Hex/Summ       ######..     1%          5    None
 Hydra Form               Tmut           ######....   41%         6    None
 Irradiate                Conj/Tmut      #######...   1%          5    None
 Gell's Gravitas          Tloc           ########..   0%          3    None
 Yara's Violent Unravell  Hex/Tmut       ######....   2%          5    None
 Lesser Beckoning         Tloc           ########..   0%          3    None
 Poisonous Vapours        Pois/Air       ######       1%          2    None
 Ignition                 Fire           ########..   1%          8    None
 Borgnjor's Vile Clutch   Necr/Erth      ########..   1%          5    None


Dungeon Overview and Level Annotations

Branches:
Dungeon (15/15)              Lair (6/6) D:10         Shoals (4/4) Lair:3
  Snake (4/4) Lair:3        Slime (5/5) Lair:6          Orc (2/2) D:11
    Elf (3/3) Orc:2        Vaults (5/5) D:13          Crypt (3/3) Vaults:2
   Tomb (0/3) Crypt:3      Depths (5/5) D:15            Zot (0/5) Depths:5
 Temple: D:4-7

Altars:
Ashenzari
Elyvilon
Makhleb
Qazlal
Ru
Sif Muna
Vehumet
Xom
Yredelemnul
Zin
Beogh
Jiyva

Shops:
D:9 :   D:11 [(   D:12 :   Orc:2 }(([   Elf:1 *   Elf:3 (!:*(   Shoals:3 *
Snake:2 !   Depths:5 :

Portals:
Hell: Lair:6 Depths:1* Depths:2 Depths:3 Depths:4 Depths:5
Abyss: Depths:3 Depths:4
Pandemonium: Depths:3 Depths:4
Trove: D:13 (give +3 gold dragon scales)

Annotations:
D:4 Sigmund
D:6 exclusion: oklob plant
Lair:1 Harold
Elf:2 3 runed doors
Vaults:4 Boris
Depths:1 3 runed doors


Innate Abilities, Weirdness & Mutations

((You are partially covered in iridescent scales. (AC +2)))
Scrolls take you longer to read.
You are clumsy. (Dex -2)
Your flesh is cold resistant. (rC+)
You are resistant to hostile enchantments. (MR+)
You passively map a small area around you.
You are resistant to electric shocks. (rElec)
You are weak. (Str -2)


Message History

* * * LOW HITPOINT WARNING * * *
You block Atalulol's attack.
Unknown command.
Unknown command.
Okay, then.
Casting: Statue Form (safe; 1% risk of failure)
Confirm with . or Enter, or press ? or * to list all spells.
Blink to where?
Press: ? - help, Dir - move target cursor You are very lightly contaminated with residual magic.
A Hell Sentinel comes into view.
The Hell Sentinel roars!
A cacodemon comes into view.
The cacodemon shouts!
You hear a shout!
You hear a croak.
A cacodemon comes into view.
The cacodemon gestures at you. You resist with almost no effort.
The Hell Sentinel gestures at you.
The sphere of damnation explodes!
The damnation engulfs you!
You die...

* .▓▓ , ,
....▓▓▓ ,
.......▓▓ ,
........▓▓▓ ,, ,
.......8..▓ ,
...........▓*
.........2..▓ ,
,.............▓▓
....1.........▓
.............§▓▓
,
....2.......§2§▓
,
2............&§▓
, .........§§§▓


You could see Atalulol, a Hell Sentinel, 2 cacodemons, a blizzard demon and a
tormentor.

Vanquished Creatures
  the Royal Jelly (Slime:5)
  Khufu (Crypt:2)
  3 orbs of fire
  Mennas (Vaults:2)
  10 ancient liches
  A juggernaut (Depths:3)
  6 greater mummies
  A caustic shrike (Zig:6)
  2 Killer Klowns (Zig:5)
  5 golden dragons (Zig:19)
  2 profane servitors (Zig:18)
  A Tzitzimitl (Zig:5)
  2 bone dragons
  A Brimstone Fiend (Zig:23)
  5 liches
  3 tentacled monstrosities (Zig:19)
  Asterion (Elf:3)
  A deep elf blademaster (Elf:3)
  4 titans (Zig:20)
  8 deep elf master archers
  27 acid blobs
  Polyphemus (Shoals:2)
  2 Executioners
  8 sphinxes
  A kraken (Shoals:2)
  7 ancient champions
  An eldritch tentacle (WizLab)
  A thorn hunter (Zig:19)
  Gastronok (Lair:1)
  Donald (Shoals:3)
  4 tengu reavers
  Kirke (Shoals:3)
  2 storm dragons
  A daeva (Depths:5)
  4 nagarajas
  28 azure jellies
  2 draconian monks (Zig:17)
  7 revenants
  10 fire giants
  3 draconian scorchers
  Louise (Shoals:2)
  8 frost giants
  11 vault wardens
  A deep elf sorcerer (Elf:3)
  Aizul (Snake:1)
  5 draconian shifters
  4 curse skulls
  4 balrugs
  A caustic shrike zombie (Zig:23)
  2 reapers
  5 deep elf elementalists
  A ghoul (Crypt:3)
  7 draconian knights (Zig:17)
  3 draconian stormcallers (Zig:17)
  3 orc warlords
  8 ironheart preservers
  7 very ugly things
  9 vampire knights
  4 war gargoyles (Crypt:3)
  A caustic shrike skeleton (Zig:23)
  A corrupter (Zig:8)
  24 stone giants
  2 black draconians
  2 entropy weavers
  4 starcursed masses (Zig:8)
  A lorocyproca (Zig:26)
  3 juggernaut skeletons
  Nessos (D:12)
  3 red draconians
  15 deep elf demonologists
  4 green draconians (Zig:17)
  A purple draconian (Depths:5)
  6 deep elf annihilators
  4 spark wasps
  A dire elephant (Zig:6)
  An ettin (shapeshifter) (Zig:20)
  17 merfolk javelineers
  7 eidola
  4 white draconians
  8 ettins
  2 green deaths (Zig:19)
  A quicksilver dragon zombie (Zig:23)
  14 fire dragons
  5 mummy priests
  18 death oozes
  A blizzard demon (Zig:14)
  13 deep elf death magi
  3 crystal guardians (Crypt:3)
  10 merfolk impalers
  7 jiangshi
  Josephine (D:15)
  A deep elf high priest (Zig:13)
  11 great orbs of eyes
  Fannar (D:12)
  33 vault guards
  A hell beast (Zig:26)
  A rakshasa (Depths:1)
  12 yaktaur captains
  A quicksilver dragon skeleton (Crypt:3)
  8 ice dragons
  3 spriggan air magi
  12 hydras
  8 naga warriors
  2 ghost crabs (Zig:19)
  44 two-headed ogres
  2 death knights (Vaults:4)
  12 centaur warriors
  2 anacondas
  10 ogre magi
  4 alligators
  4 alligator snapping turtles
  A satyr (shapeshifter) (Depths:4)
  A catoblepas (Depths:2)
  8 satyrs
  5 merfolk aquamancers
  A merfolk avatar (Shoals:4)
  5 deep troll shamans
  4 tengu warriors
  6 orc high priests
  A death scarab (Zig:11)
  14 vampire magi
  5 deep troll earth magi
  26 dancing weapons
  8 death yaks
  12 naga sharpshooters
  A titan zombie (Zig:14)
  3 spriggan berserkers
  A titan skeleton (Zig:23)
  8 shock serpents
  15 deep elf knights
  7 fire crabs
  2 soul eaters (Zig:18)
  2 wretched stars (Zig:8)
  A storm dragon zombie (Zig:14)
  3 shadow wraiths
  3 sixfirhies
  2 salamander mystics
  28 skeletal warriors
  22 hell knights
  2 iron trolls
  An anaconda zombie (Crypt:2)
  A sea snake (shapeshifter) (Zig:8)
  A spatial maelstrom (Zig:8)
  2 spark wasp zombies (Depths:1)
  18 sea snakes
  2 spriggan druids
  24 deep trolls
  A ghost moth zombie (Crypt:3)
  2 glowing orange brains (Slime:4)
  4 swamp dragons (Zig:19)
  2 obsidian statues
  2 storm dragon skeletons
  2 death drakes (Zig:19)
  6 unseen horrors
  2 naga ritualists
  A golden dragon skeleton (Zig:14)
  3 golden dragon zombies
  20 deep elf archers
  12 ironbrand convokers
  14 phantasmal warriors
  7 wizards
  5 shambling mangroves
  3 orb spiders
  A lindwurm (shapeshifter) (Zig:20)
  8 flayed ghosts
  A lindwurm (Lair:4)
  15 harpies
  2 shadow dragon zombies
  An anaconda skeleton (WizLab)
  Pikel (D:6)
  13 orc knights
  A sphinx zombie (Zig:23)
  6 orc sorcerers
  2 stone giant zombies
  7 mana vipers
  19 necromancers
  6 wolf spiders
  48 deep elf magi
  A shadow dragon skeleton (Zig:23)
  A wolf spider (shapeshifter) (Zig:22)
  25 ugly things
  An iron dragon skeleton (Zig:14)
  23 fauns
  5 shining eyes
  A manticore (shapeshifter) (Vaults:4)
  13 salamanders
  3 worldbinders (WizLab)
  2 centaur zombies
  A fire giant skeleton (Vaults:2)
  Maurice (D:12)
  A sphinx skeleton (Zig:14)
  A rust devil (Depths:4)
  3 moths of wrath
  11 vault sentinels
  12 manticores
  A frost giant skeleton (Zig:7)
  A guardian serpent (Snake:4)
  14 cyclopes
  2 frost giant zombies
  A shock serpent zombie (Crypt:3)
  2 stone giant skeletons
  8 elephants
  An eye of devastation (shapeshifter) (Zig:20)
  2 spriggan zombies
  5 merfolk sirens
  21 black mambas
  10 spiny frogs
  11 naga magi
  5 eyes of devastation
  3 centaur skeletons
  An apocalypse crab (Zig:5)
  2 water nymphs
  Psyche (D:11)
  2 smoke demons
  2 torpor snails
  A gargoyle (D:15)
  3 orange demons
  9 rime drakes
  A dire elephant skeleton (Crypt:1)
  A white draconian zombie (Crypt:2)
  2 komodo dragons (shapeshifter)
  A hellion (Zig:23)
  A kobold demonologist (D:11)
  6 efreet
  6 freezing wraiths
  4 human zombies
  60 yaktaurs
  2 komodo dragons
  A yaktaur zombie (Vaults:4)
  11 guardian mummies
  A ghost moth simulacrum (Crypt:2)
  A demonic crawler (WizLab)
  4 red devils
  A death yak skeleton (Crypt:2)
  6 ice devils
  A hydra zombie (Crypt:3)
  5 jumping spiders
  4 tormentors
  8 trolls
  5 spriggan skeletons
  40 merfolk
  3 yaktaur skeletons
  4 tengu conjurers
  2 queen bees (D:9)
  3 ancient zymes
  2 merfolk (shapeshifter)
  4 meliai
  The ghost of zkyp the Ruffian, an amateur MiMo (D:3)
  A jumping spider (shapeshifter) (Elf:1)
  2 polar bears
  4 wind drakes
  24 hornets
  19 blink frogs
  5 elf zombies
  2 tyrant leeches (Lair:3)
  2 raiju (Zig:8)
  A hippogriff (shapeshifter) (Elf:1)
  8 snapping turtles
  60 slime creatures
  2 fire dragon zombies
  A dream sheep (shapeshifter) (Zig:13)
  12 hippogriffs
  2 bog bodies
  A fire giant simulacrum (Vaults:2)
  An alligator zombie (Crypt:3)
  An ettin skeleton (Vaults:4)
  A meliai zombie (D:15)
  3 shadows
  7 spriggans
  39 flying skulls
  A redback (shapeshifter) (Vaults:3)
  2 tarantellas
  9 air elementals
  23 yaks
  22 water elementals
  7 fire elementals
  3 vampires
  5 hogs (Shoals:3)
  3 wyverns
  A basilisk (shapeshifter) (Depths:2)
  A black mamba skeleton (Crypt:3)
  4 ushabtiu
  A tyrant leech zombie (Crypt:2)
  11 wraiths
  5 basilisks
  A steam dragon (D:11)
  Menkaure (D:4)
  A neqoxec (Zig:8)
  Grum (D:9)
  A hog (shapeshifter) (Depths:3)
  21 humans (D:13)
  9 golden eyes
  3 chaos spawn
  9 vampire mosquitoes
  4 spatial vortices (WizLab)
  10 wargs
  38 nagas
  7 swamp worms
  4 insubstantial wisps
  2 swamp worms (shapeshifter)
  A glowing shapeshifter zombie (Crypt:1)
  A monstrous demonspawn zombie (Crypt:1)
  A soldier ant (D:13)
  13 water moccasins
  2 acid dragons (D:15)
  18 hell hounds
  3 floating eyes
  2 infernal demonspawn skeletons
  38 orc warriors
  5 porcupines
  2 swamp drakes (Zig:19)
  3 tengu skeletons
  A snapping turtle zombie (Crypt:2)
  7 ice beasts
  2 phantoms
  2 sky beasts (D:8)
  4 necrophages
  30 ogres
  2 black bears
  2 slaves (D:6)
  6 eyes of draining
  23 centaurs
  14 wolves
  A crocodile (shapeshifter) (Elf:2)
  13 crocodiles
  3 big kobolds
  4 earth elementals
  18 bullfrogs
  10 human skeletons
  3 elf skeletons
  6 scorpions
  A wyvern skeleton (D:14)
  53 killer bees
  A howler monkey (D:11)
  15 wights (Crypt:2)
  An electric eel (D:14)
  15 crimson imps
  2 quasits
  15 hounds
  8 jellies
  A gnoll shaman (D:8)
  21 orc priests
  A bullfrog skeleton (Crypt:2)
  An iron imp (Depths:4)
  Jessica (D:7)
  4 iguanas
  28 orc wizards
  9 worker ants
  A lightning spire (Zig:22)
  3 big kobold zombies (Ossuary)
  An ogre skeleton (Crypt:3)
  A naga skeleton (Crypt:2)
  21 mummies
  3 worker ant zombies (D:5)
  11 gnolls
  A scorpion zombie (Crypt:1)
  A steam dragon zombie (Crypt:1)
  14 adders
  6 shadow imps
  5 white imps
  3 ufetubi
  9 oozes (D:6)
  An adder zombie (D:9)
  A halfling zombie (Crypt:1)
  An adder skeleton (D:9)
  5 worms
  3 leopard geckos
  130 orcs
  8 giant cockroaches
  8 gnoll zombies
  10 goblins
  3 hobgoblins
  19 jackals
  A quokka (D:10)
  5 ball pythons
  12 bats
  6 frilled lizards
  A frilled lizard skeleton (Crypt:1)
  3 goblin zombies
  2 hobgoblin zombies
  2 jackal skeletons
  A jackal zombie (Crypt:2)
  20 kobolds
  A leopard gecko skeleton (D:6)
  3 orc zombies
  2 quokka skeletons
  7 rats
  A crawling corpse (Elf:3)
  14 fire vortices
  2 fungi
  3 lost souls (Zig:21)
  17 plants
  4 starspawn tentacles (WizLab)
  A tentacle (Shoals:2)
2682 creatures vanquished.

Vanquished Creatures (collateral kills)
  Margery (Vaults:4)
  A caustic shrike (Depths:3)
  Jory (Depths:5)
  The ghost of PegasusDuck the Sorcerer, a veteran DEIE of Ashenzari (Zig:6)
  Jorgrun (Snake:2)
  2 tentacled monstrosities
  A deep elf blademaster (Elf:3)
  A titan (Depths:5)
  A tentacled starspawn (WizLab)
  8 acid blobs
  A tengu reaver (Depths:2)
  A shadow dragon (Depths:5)
  5 nagarajas (Snake:4)
  Ilsuiw (Shoals:4)
  7 azure jellies (Slime:5)
  2 fire giants
  A vault warden (Vaults:2)
  A daeva (Depths:5)
  3 balrugs
  A large abomination (Elf:3)
  A curse skull (Crypt:1)
  A reaper (Zig:26)
  A vampire knight (Depths:4)
  A deep elf demonologist (Elf:3)
  2 deep elf annihilators (Elf:3)
  3 spark wasps
  2 deep elf death magi (Elf:3)
  A death ooze (Slime:5)
  An eidolon (Crypt:2)
  4 fire dragons
  A deep elf high priest (Elf:3)
  5 great orbs of eyes
  8 merfolk impalers
  2 vault guards (Vaults:3)
  A hydra (Depths:2)
  2 anacondas
  6 naga warriors
  A spriggan air mage (Depths:3)
  A catoblepas (Shoals:2)
  A merfolk avatar (Shoals:4)
  3 two-headed ogres
  2 ogre magi
  2 merfolk aquamancers
  A death yak (Shoals:2)
  A vampire mage (Depths:2)
  2 titan zombies
  3 naga sharpshooters (Snake:4)
  5 shock serpents
  2 small abominations (Elf:3)
  2 deep elf knights
  3 hell knights
  2 skeletal warriors (D:14)
  3 naga ritualists
  A salamander mystic (Snake:2)
  A shadow dragon zombie (Crypt:3)
  3 deep trolls
  A deep elf archer (Vaults:2)
  An orc knight (Vaults:1)
  2 phantasmal warriors (Zig:18)
  3 mana vipers
  3 ugly things
  5 manticores
  3 shining eyes
  3 deep elf magi (Elf:3)
  A merfolk siren (Shoals:4)
  4 guardian serpents
  A manticore (shapeshifter) (Depths:5)
  2 salamanders (Snake:2)
  A guardian serpent (shapeshifter) (Depths:3)
  2 vault sentinels
  2 water nymphs (Shoals:4)
  A fire giant skeleton (Crypt:3)
  15 black mambas
  2 eyes of devastation (Zig:10)
  A spiny frog (Lair:6)
  4 naga magi
  3 yaktaurs
  A guardian mummy (Zig:11)
  A red devil (Zig:26)
  A tormentor (Zig:26)
  A hornet (Zig:21)
  A wind drake (Shoals:4)
  16 merfolk
  17 slime creatures
  3 snapping turtles
  6 flying skulls
  A wraith (D:15)
  A fire elemental (Zig:25)
  A yak (Zig:6)
  2 hogs (Shoals:3)
  8 golden eyes (Slime:1)
  3 water elementals (Shoals:2)
  14 nagas
  2 hell hounds (Zig:25)
  An orc warrior (Vaults:1)
  An ice beast (D:15)
  2 eyes of draining (Zig:10)
  2 centaurs (Depths:3)
  A crimson imp (Depths:3)
  A hound (D:14)
  An orc wizard (Vaults:1)
  2 mummies
  A tentacle (Shoals:2)
273 creatures vanquished.

Vanquished Creatures (others)
  A deep elf master archer (Zig:24)
  2 stone giants
  A fire dragon (Zig:25)
  3 centaur warriors (Vaults:2)
  A satyr (Zig:24)
  A naga sharpshooter (Zig:24)
  A swamp dragon (Zig:19)
  A faun (Shoals:2)
  A cyclops (Zig:24)
  2 yaktaurs
  A hornet (Zig:19)
  A slime creature (Zig:19)
  4 orcs (Elf:1)
  67 fire vortices
  10 fungi
  5 lost souls (Zig:21)
  2 lurking horrors (WizLab)
  18 plants
  A starspawn tentacle (WizLab)
  2 tentacles (Shoals:2)
125 creatures vanquished.

Grand Total: 3080 creatures vanquished

Notes
Turn   | Place    | Note
-------+----------+-------------------------------------------
     0 | D:1      | PegasusDuck the Deep Elf Earth Elementalist began the quest for the Orb.
     0 | D:1      | Reached XP level 1. HP: 10/10 MP: 6/6
   241 | D:1      | Reached XP level 2. HP: 15/15 MP: 5/8
   910 | D:2      | Reached XP level 3. HP: 18/19 MP: 5/9
   952 | D:2      | Learned a level 3 spell: Stone Arrow
  1037 | D:2      | Found a glowing silver altar of Zin.
  1039 | D:2      | Found a sacrificial altar of Ru.
  1072 | D:2      | Found a radiant altar of Vehumet.
  1080 | D:2      | Became a worshipper of Vehumet
  1105 | D:2      | Reached skill level 5 in Earth Magic
  1401 | D:2      | Reached XP level 4. HP: 24/24 MP: 7/10
  1833 | D:3      | Noticed zkyp's ghost (amateur MiMo)
  2228 | D:3      | Killed zkyp's ghost
  2228 | D:3      | Reached XP level 5. HP: 28/28 MP: 0/16
  2228 | D:3      | Reached XP level 6. HP: 32/32 MP: 0/18
  2345 | D:3      | Reached * piety under Vehumet
  2345 | D:3      | Offered knowledge of Flame Tongue by Vehumet.
  2365 | D:3      | Learned a level 1 spell: Flame Tongue
  2464 | D:4      | Noticed Menkaure
  2472 | D:4      | Killed Menkaure
  2537 | D:4      | Reached XP level 7. HP: 34/36 MP: 18/20
  2815 | D:4      | Noticed Sigmund
  2823 | D:4      | Learned a level 2 spell: Passwall
  2828 | D:4      | Learned a level 4 spell: Petrify
  2846 | D:5      | Entered Level 5 of the Dungeon
  2850 | D:5      | Found a deep blue altar of Sif Muna.
  3454 | D:6      | Found a glowing drain.
  3487 | Sewer    | Entered a sewer
  3584 | Sewer    | Offered knowledge of Sting by Vehumet.
  3585 | Sewer    | Reached ** piety under Vehumet
  3781 | D:6      | Reached XP level 8. HP: 41/41 MP: 14/21
  3792 | D:6      | Reached skill level 5 in Conjurations
  3878 | D:6      | Noticed Pikel
  3896 | D:6      | Killed Pikel
  3906 | D:6      | Got a crude flail
  3907 | D:6      | Identified the +7 flail of the Hummingbird {crush, Dex+7} (You found it on level 6 of the Dungeon)
  4061 | D:6      | Found a stormy altar of Qazlal.
  4080 | D:6      | Noticed an oklob plant
  4096 | D:6      | Offered knowledge of Throw Frost by Vehumet.
  4633 | D:7      | Learned a level 5 spell: Lee's Rapid Deconstruction
  4680 | D:7      | Noticed a hippogriff
  4686 | D:7      | Killed a hippogriff
  4686 | D:7      | Reached XP level 9. HP: 32/45 MP: 14/22
  4751 | D:7      | Reached *** piety under Vehumet
  4871 | D:7      | Noticed Jessica
  4874 | D:7      | Killed Jessica
  4881 | D:7      | Found a deep blue altar of Sif Muna.
  5327 | D:8      | Found a sand-covered staircase.
  5335 | Ossuary  | Entered an ossuary
  5424 | Ossuary  | Offered knowledge of Ignite Poison by Vehumet.
  5635 | D:8      | Reached skill level 10 in Earth Magic
  5653 | D:8      | Reached **** piety under Vehumet
  5695 | D:8      | Offered knowledge of Irradiate by Vehumet.
  5816 | D:8      | Reached XP level 10. HP: 35/50 MP: 15/23
  5823 | D:8      | Found a flagged portal.
  5835 | Bailey   | Entered a bailey
  6209 | Bailey   | Noticed an orc knight
  6209 | Bailey   | Noticed an orc knight
  6210 | Bailey   | Reached ***** piety under Vehumet
  6231 | Bailey   | Killed an orc knight
  6232 | Bailey   | Killed an orc knight
  6232 | Bailey   | Offered knowledge of Bolt of Fire by Vehumet.
  6232 | Bailey   | Reached skill level 10 in Spellcasting
  6324 | Bailey   | Noticed an orc knight
  6348 | Bailey   | Killed an orc knight
  6356 | Bailey   | Noticed an orc knight
  6610 | Bailey   | Killed an orc knight
  6613 | Bailey   | Noticed an orc knight
  6685 | Bailey   | Killed an orc knight
  6887 | D:8      | Found a shimmering altar of Xom.
  6978 | D:8      | Found a white marble altar of Elyvilon.
  7344 | D:9      | Found Hyileopp's Book Shoppe.
  7366 | D:9      | Got a shimmering robe
  7377 | D:9      | Identified the +2 robe "Vesmaumnu" {rF+ rCorr Str+2} (You found it on level 9 of the Dungeon)
  7472 | D:9      | Reached XP level 11. HP: 53/54 MP: 17/30
  7647 | D:9      | Reached skill level 5 in Dodging
  7768 | D:9      | Noticed Grum
  7782 | D:9      | Killed Grum
  8070 | D:9      | Found a basalt altar of Yredelemnul.
  8306 | D:10     | Entered Level 10 of the Dungeon
  8329 | D:10     | Killed an unseen horror
  8429 | D:10     | Found a staircase to the Lair.
  8934 | D:10     | Noticed a death yak
  8945 | D:10     | Killed a death yak
  9308 | D:10     | Reached skill level 15 in Spellcasting
  9558 | D:11     | Reached skill level 1 in Fighting
  9578 | D:11     | Noticed a two-headed ogre
  9590 | D:11     | Killed a two-headed ogre
  9651 | D:11     | Found a staircase to the Orcish Mines.
  9651 | D:11     | Found Toquesae's Weapon Shop.
  9652 | D:11     | Found Asull's Armour Shop.
  9827 | D:11     | Reached XP level 12. HP: 62/62 MP: 25/33
  9901 | D:11     | Found a frozen archway.
  9957 | IceCv    | Entered an ice cave
  9964 | IceCv    | Reached skill level 10 in Dodging
 10027 | IceCv    | Found a transporter.
 10206 | D:11     | Noticed an eight-headed hydra
 10216 | D:11     | Killed an eight-headed hydra
 10288 | D:11     | Noticed Psyche
 10291 | D:11     | Killed Psyche
 10291 | D:11     | Reached skill level 5 in Fighting
 10411 | Lair:1   | Entered Level 1 of the Lair of Beasts
 10412 | Lair:1   | Offered knowledge of Iskenderun's Mystic Blast by Vehumet.
 10582 | Lair:1   | Noticed Harold
 10664 | Lair:1   | Noticed Gastronok
 10670 | Lair:1   | Killed Gastronok
 11536 | Lair:2   | Reached skill level 5 in Stealth
 12502 | Lair:3   | Found a staircase to the Snake Pit.
 12677 | Lair:3   | Found a staircase to the Shoals.
 12989 | Lair:4   | Reached XP level 13. HP: 58/76 MP: 11/34
 14066 | Lair:5   | Reached skill level 10 in Conjurations
 14771 | Lair:6   | Entered Level 6 of the Lair of Beasts
 15164 | Lair:6   | Offered knowledge of Bolt of Magma by Vehumet.
 15173 | Lair:6   | Learned a level 5 spell: Bolt of Magma
 15551 | Lair:6   | Found a viscous altar of Jiyva.
 15556 | Lair:6   | Found a staircase to the Slime Pits.
 15590 | Lair:6   | Reached skill level 1 in Fire Magic
 16062 | Lair:6   | Reached XP level 14. HP: 82/82 MP: 20/35
 16096 | Lair:6   | Reached skill level 5 in Fire Magic
 16224 | Lair:6   | Found a burning altar of Makhleb.
 16250 | Lair:6   | Found a gateway to Hell.
 16760 | D:12     | Noticed Maurice
 16767 | D:12     | Killed Maurice
 16845 | D:12     | Noticed Fannar
 16854 | D:12     | Killed Fannar
 17018 | D:12     | Found Ivigheych's Book Shop.
 17237 | D:12     | Noticed Nessos
 17271 | D:12     | Killed Nessos
 17527 | D:13     | Reached ****** piety under Vehumet
 17656 | D:13     | Reached XP level 15. HP: 89/89 MP: 34/37
 17995 | D:13     | Offered knowledge of Iskenderun's Battlesphere by Vehumet.
 18082 | D:13     | Found a portal to a secret trove of treasure.
 18349 | D:13     | Found a gate to the Vaults.
 18898 | Orc:1    | Entered Level 1 of the Orcish Mines
 19186 | Orc:1    | Offered knowledge of Bolt of Cold by Vehumet.
 19525 | Orc:2    | Entered Level 2 of the Orcish Mines
 19525 | Orc:2    | Found a roughly hewn altar of Beogh.
 19682 | Orc:2    | Found a roughly hewn altar of Beogh.
 20028 | Orc:2    | Paralysed by an orc sorcerer for 4 turns
 20030 | Orc:2    | Noticed an orc warlord
 20039 | Orc:2    | Paralysed by an orc sorcerer for 3 turns
 20085 | Orc:2    | Killed an orc warlord
 20215 | Orc:2    | Found Tylinem's Antique Weapon Emporium.
 20216 | Orc:2    | Found a roughly hewn altar of Beogh.
 20219 | Orc:2    | Found Kiukho Weena's Antique Armour Shoppe.
 20253 | Orc:2    | Bought a bronze leather armour for 280 gold pieces
 20253 | Orc:2    | Identified the +0 leather armour of Syndicalism {Dex+3} (You bought it in a shop on level 2 of the Orcish Mines)
 20255 | Orc:2    | Bought a transparent ring mail for 360 gold pieces
 20255 | Orc:2    | Identified the cursed +1 ring mail of Hide-and-Seek {Dex+3 Slay+3} (You bought it in a shop on level 2 of the Orcish Mines)
 20287 | Orc:2    | Found a roughly hewn altar of Beogh.
 20298 | Orc:2    | Found Linoh's Antique Weapon Shop.
 20326 | Orc:2    | Found a staircase to the Elven Halls.
 20394 | Orc:2    | Found a roughly hewn altar of Beogh.
 20440 | Orc:2    | Offered knowledge of Iron Shot by Vehumet.
 20446 | Orc:2    | Found a roughly hewn altar of Beogh.
 20455 | Orc:2    | Found a roughly hewn altar of Beogh.
 20464 | Orc:2    | Found Dyfoho's Gadget Shoppe.
 20697 | Snake:1  | Entered Level 1 of the Snake Pit
 20975 | Shoals:1 | Entered Level 1 of the Shoals
 21172 | Lair:3   | Learned a level 6 spell: Iron Shot
 21177 | Shoals:1 | Reached XP level 16. HP: 58/96 MP: 39/39
 22035 | D:12     | Reached skill level 1 in Shields
 22712 | Snake:1  | Noticed Aizul
 22721 | Snake:1  | Killed Aizul
 22952 | Lair:3   | Upgraded the game from 0.22-a0-443-g17c3723 to 0.22-a0-445-g8c8ef71
 23020 | Lair:3   | You fall through a shaft for 2 floors!
 23170 | Elf:1    | Entered Level 1 of the Elven Halls
 23290 | Elf:1    | Reached skill level 5 in Shields
 24242 | Elf:1    | Found Qiejikh's General Store.
 24252 | Elf:1    | Bought a scroll of teleportation for 42 gold pieces
 24252 | Elf:1    | Bought a potion of curing for 42 gold pieces
 24252 | Elf:1    | Bought a scroll of teleportation for 42 gold pieces
 24252 | Elf:1    | Bought a potion of mutation for 112 gold pieces
 24573 | Elf:2    | Offered knowledge of Spellforged Servitor by Vehumet.
 24681 | Elf:2    | Learned a level 7 spell: Spellforged Servitor
 24762 | Elf:2    | Reached skill level 1 in Summonings
 24907 | Elf:1    | Bought a wand of iceblast (15) for 266 gold pieces
 24928 | Elf:2    | Reached skill level 1 in Evocations
 25124 | Elf:2    | Found a runed gate.
 25125 | Elf:2    | Found a runed gate.
 25126 | Elf:2    | Found a runed gate.
 25534 | Elf:3    | Entered Level 3 of the Elven Halls
 25552 | Elf:3    | Found Etiamilo's Distillery.
 25557 | Elf:3    | Bought 2 potions of haste for 280 gold pieces
 25557 | Elf:3    | Bought a potion of heal wounds for 70 gold pieces
 25595 | Elf:3    | Reached XP level 17. HP: 55/100 MP: 40/40
 25829 | Elf:3    | Found Vupsoh's Antique Weapon Shop.
 25855 | Elf:3    | Reached skill level 5 in Summonings
 26226 | Elf:3    | Found Ulixik's Book Shop.
 26473 | Elf:3    | Noticed Asterion
 26488 | Elf:3    | Killed Asterion
 26865 | Elf:3    | Found Eretzih's Antique Weapon Shop.
 26896 | Elf:3    | Found Gaos's General Store.
 27175 | Elf:3    | Noticed a deep elf blademaster
 27178 | Elf:3    | Reached skill level 10 in Shields
 27179 | Elf:3    | Killed a deep elf blademaster
 27179 | Elf:3    | Offered knowledge of Fire Storm by Vehumet.
 27179 | Elf:3    | Offered knowledge of Shatter by Vehumet.
 27179 | Elf:3    | Offered knowledge of Tornado by Vehumet.
 27179 | Elf:3    | Noticed a deep elf blademaster
 27182 | Elf:3    | Killed a deep elf blademaster
 27187 | Elf:3    | Noticed a deep elf master archer
 27190 | Elf:3    | Killed a deep elf master archer
 27195 | Elf:3    | Reached skill level 10 in Summonings
 27198 | Elf:3    | Noticed a deep elf master archer
 27201 | Elf:3    | Killed a deep elf master archer
 27372 | Elf:3    | Noticed an Ice Fiend
 27557 | Elf:3    | Got a scorched amber ring
 27561 | Elf:3    | Identified the cursed ring of Xom's Bemusement {rF+ Str-2 Int-5 Slay+5} (You found it on level 3 of the Elven Halls)
 27585 | Elf:3    | Got a heavily runed ivory ring
 27586 | Elf:3    | Identified the ring of Fomnyas {+Fly rC+++} (You found it on level 3 of the Elven Halls)
 27597 | Elf:3    | Got a sparkling gossamer ring
 27598 | Elf:3    | Identified the ring of Neahadec {*Tele rPois Str+2 Slay-5 Stlth+} (You found it on level 3 of the Elven Halls)
 27612 | Elf:3    | Got a shimmering brass amulet
 27623 | Elf:3    | Identified the Catalogue of Shape Shifting and Malediction
 27626 | Elf:3    | Got a translucent brass ring
 27627 | Elf:3    | Identified the ring of Eweb {rF+ rC- MR+ Dex+8} (You found it on level 3 of the Elven Halls)
 27758 | Elf:3    | Identified the amulet of the Final Chapter {Reflect rC+ Dex+5 SH+4 Stlth-} (You found it on level 3 of the Elven Halls)
 27818 | Elf:3    | Identified a scroll of acquirement
 27821 | Elf:3    | Got a smoking wooden ring
 27823 | Elf:3    | Identified the ring "Ewnixani" {rCorr Int+8} (You acquired it on level 3 of the Elven Halls)
 29078 | Snake:2  | Reached XP level 18. HP: 71/105 MP: 34/41
 29634 | Snake:2  | Found Jonaf's Distillery.
 29640 | Snake:2  | Bought a potion of resistance for 110 gold pieces
 29640 | Snake:2  | Bought a potion of resistance for 110 gold pieces
 29640 | Snake:2  | Bought a potion of heal wounds for 55 gold pieces
 30591 | Snake:2  | Noticed Jorgrun
 30601 | Snake:2  | Killed Jorgrun
 31713 | Snake:3  | Learned a level 9 spell: Shatter
 32480 | Snake:4  | Entered Level 4 of the Snake Pit
 34370 | Snake:4  | Reached skill level 15 in Earth Magic
 35146 | Snake:4  | Got a serpentine rune of Zot
 35578 | Shoals:2 | Noticed Louise
 35585 | Shoals:2 | Killed Louise
 36286 | Shoals:2 | Reached XP level 19. HP: 76/110 MP: 33/42
 37035 | Shoals:2 | Noticed Polyphemus
 37042 | Shoals:2 | Killed Polyphemus
 37651 | Shoals:3 | Noticed Kirke
 37655 | Shoals:3 | Killed Kirke
 37952 | Shoals:3 | Found Wico's Assorted Antiques.
 37960 | Shoals:3 | Bought a scroll of blinking for 172 gold pieces
 37960 | Shoals:3 | Bought 2 potions of haste for 460 gold pieces
 37987 | Shoals:3 | Noticed Donald
 38631 | Shoals:3 | Killed Donald
 38682 | Shoals:4 | Entered Level 4 of the Shoals
 38846 | Shoals:4 | Noticed Ilsuiw
 39384 | Shoals:4 | Killed Ilsuiw
 39907 | Shoals:4 | Got a barnacled rune of Zot
 41268 | Vaults:1 | Entered Level 1 of the Vaults
 42461 | Vaults:1 | Reached XP level 20. HP: 115/115 MP: 46/46
 44391 | Vaults:2 | Noticed Mennas
 44707 | Slime:1  | Entered Level 1 of the Pits of Slime
 45007 | Slime:1  | Paralysed by a great orb of eyes for 5 turns
 45244 | Vaults:1 | lol back to the vaults then
 46040 | Vaults:2 | Found a staircase to the Crypt.
 46204 | Vaults:2 | Killed Mennas
 46530 | Vaults:3 | Found a magical portal.
 46676 | WizLab   | Entered The Roulette of Golubria
 46676 | WizLab   | Found a transporter.
 46679 | WizLab   | Found a corrupted altar of Lugonu.
 46726 | WizLab   | Found a transporter.
 46875 | WizLab   | Found a transporter.
 46876 | WizLab   | Found a transporter.
 46914 | WizLab   | Found a corrupted altar of Lugonu.
 46917 | WizLab   | Found a transporter.
 46961 | WizLab   | Found a transporter.
 46975 | WizLab   | Found a transporter.
 46997 | WizLab   | Found a transporter.
 47035 | WizLab   | Found a transporter.
 47088 | WizLab   | Found a transporter.
 47120 | WizLab   | Found a corrupted altar of Lugonu.
 47309 | WizLab   | Found a transporter.
 47311 | WizLab   | Got a fine cloak
 47323 | WizLab   | Identified the -2 cloak of Hirorr {rElec Regen+ Int+2 Dex-2} (You found it in a wizard's laboratory)
 47330 | WizLab   | Got a steaming cloak
 47336 | WizLab   | Identified the +2 cloak of Conscience {+Fly Str+3} (You found it in a wizard's laboratory)
 47350 | WizLab   | Got a twisted cloak
 47361 | WizLab   | Identified the cursed +0 cloak "Qawk" {rPois rC+ Regen+ Stlth-} (You found it in a wizard's laboratory)
 47411 | WizLab   | Found a transporter.
 47527 | WizLab   | Found a transporter.
 47638 | WizLab   | Found a transporter.
 47740 | WizLab   | Found a transporter.
 47740 | WizLab   | Found a transporter.
 47905 | WizLab   | Found a transporter.
 47905 | WizLab   | Found a transporter.
 48316 | Vaults:3 | Reached XP level 21. HP: 107/120 MP: 11/47
 48536 | Vaults:3 | Reached skill level 1 in Translocations
 48854 | Vaults:3 | Reached skill level 5 in Translocations
 48949 | Vaults:3 | Got a scintillating platinum amulet
 48950 | Vaults:3 | Identified the amulet of Giniweic {rC+ Regen+ Str+2} (You found it on level 3 of the Vaults)
 49523 | Vaults:4 | Reached skill level 10 in Translocations
 49528 | Vaults:4 | Noticed Boris
 49755 | Vaults:4 | Noticed Margery
 49764 | Vaults:4 | Killed Margery
 49899 | Vaults:4 | Learned a level 8 spell: Controlled Blink
 51148 | Vaults:5 | Entered Level 5 of the Vaults
 51150 | Vaults:5 | Reached skill level 15 in Translocations
 52172 | Slime:3  | Found a viscous altar of Jiyva.
 52224 | Slime:5  | Entered Level 5 of the Pits of Slime
 52231 | Slime:4  | Reached XP level 22. HP: 65/125 MP: 34/48
 52913 | Slime:5  | Gained mutation: You are weak. (Str -2) [a shining eye]
 52917 | Slime:5  | Gained mutation: You have sharp toenails. [a shining eye]
 53038 | Slime:5  | Found a viscous altar of Jiyva.
 53090 | Slime:5  | Noticed the Royal Jelly
 55895 | Slime:5  | Killed the Royal Jelly
 56560 | Slime:5  | Identified Nibetwug's Almanac of Evil
 56639 | Slime:5  | Got a slimy brass ring
 56640 | Slime:5  | Identified the ring "Vask" {rC+ MR+ Str-5 Int+5} (You found it on level 5 of the Pits of Slime)
 56646 | Slime:5  | Got a slimy rune of Zot
 56669 | Slime:5  | Identified the cursed +1 ring mail "Geguseogh" {Str-4 Dex+3 SInv} (You found it on level 5 of the Pits of Slime)
 56678 | Slime:5  | Identified the +2 helmet of Kleptomania {rC+++ MR+ Dex+4 Stlth-} (You found it on level 5 of the Pits of Slime)
 57616 | D:15     | Entered Level 15 of the Dungeon
 57845 | D:15     | Noticed Josephine
 57848 | D:15     | Killed Josephine
 57854 | D:15     | Found a staircase to the Depths.
 58405 | Depths:1 | Entered Level 1 of the Depths
 58588 | Depths:1 | Reached skill level 10 in Stealth
 58834 | Depths:1 | Identified the +1 ring mail "Ired" {rElec} (You found it on level 1 of the Depths)
 58883 | Depths:1 | Found a runed gate.
 58913 | Depths:1 | Found a runed gate.
 58913 | Depths:1 | Found a runed gate.
 59713 | Depths:2 | Reached XP level 23. HP: 128/128 MP: 44/51
 61173 | Depths:3 | Reached skill level 15 in Shields
 61398 | Depths:3 | Found a one-way gate leading to the halls of Pandemonium.
 61747 | Depths:3 | Found a one-way gate to the infinite horrors of the Abyss.
 61889 | Depths:3 | Noticed a juggernaut
 61897 | Depths:3 | Killed a juggernaut
 61905 | Depths:3 | Noticed a caustic shrike
 61914 | Depths:3 | Killed a caustic shrike
 63545 | Depths:4 | Reached skill level 15 in Dodging
 63808 | Depths:4 | Found the +6 Majin-Bo {vamp, Archmagi MP+6 Int+6}
 64013 | Depths:5 | Entered Level 5 of the Depths
 64029 | Depths:5 | Noticed Jory
 64050 | Depths:5 | Killed Jory
 64074 | Depths:5 | Reached XP level 24. HP: 134/134 MP: 35/51
 64379 | Depths:5 | Found the brooch of Shielding {Reflect SH+8}
 64602 | Depths:5 | Found Wett's Book Shoppe.
 64643 | Depths:5 | Got a flickering bronze amulet
 64757 | Depths:5 | Found a gate to the Realm of Zot.
 64932 | Depths:5 | Found a gateway to a ziggurat.
 65349 | Depths:5 | Found a shattered altar of Ashenzari.
 66285 | Crypt:1  | Entered Level 1 of the Crypt
 67552 | Crypt:2  | Identified the amulet of Rousaxo {Faith rElec Int+5} (You found it on level 5 of the Depths)
 67556 | Crypt:2  | Identified the +4 hat "Uso Voka" {rElec Regen+ Int-2 Dex+5} (You found it on level 2 of the Crypt)
 67636 | Crypt:2  | Noticed a greater mummy
 67638 | Crypt:2  | Noticed a greater mummy
 67638 | Crypt:2  | Noticed Khufu
 67640 | Crypt:2  | Killed a greater mummy
 67641 | Crypt:2  | Killed a greater mummy
 67643 | Crypt:2  | Killed Khufu
 68716 | Crypt:2  | Reached skill level 10 in Fire Magic
 68935 | Crypt:2  | Learned a level 9 spell: Fire Storm
 69019 | Crypt:3  | Entered Level 3 of the Crypt
 69196 | Crypt:3  | Reached skill level 15 in Conjurations
 69328 | Crypt:3  | Found a staircase to the Tomb.
 69656 | Crypt:3  | Reached XP level 25. HP: 134/134 MP: 17/51
 69719 | Crypt:3  | Noticed an ancient lich
 69720 | Crypt:3  | Killed an ancient lich
 69820 | Crypt:3  | Found a basalt altar of Yredelemnul.
 70551 | Zig:1    | Entered Level 1 of a ziggurat
 70565 | Zig:2    | Entered Level 2 of a ziggurat
 70601 | Zig:3    | Entered Level 3 of a ziggurat
 70694 | Zig:4    | Entered Level 4 of a ziggurat
 70733 | Zig:5    | Entered Level 5 of a ziggurat
 70779 | Zig:6    | Entered Level 6 of a ziggurat
 70779 | Zig:6    | Noticed PegasusDuck's ghost (veteran DEIE)
 70783 | Zig:6    | Killed PegasusDuck's ghost
 70814 | Zig:6    | Got a slimy platinum amulet
 70815 | Zig:6    | Identified the amulet "Soet" {Faith +Fly SInv} (You found it on level 6 of a ziggurat)
 71003 | Zig:7    | Entered Level 7 of a ziggurat
 71076 | Zig:8    | Entered Level 8 of a ziggurat
 71211 | Zig:8    | Identified the +4 large shield of the Heavens {rN+ Dex+2} (You found it on level 8 of a ziggurat)
 71248 | Zig:9    | Entered Level 9 of a ziggurat
 71302 | Zig:10   | Entered Level 10 of a ziggurat
 71543 | Zig:10   | Found the +8 trident of the Octopus King {venom, rElec rPois MR+}
 71545 | Zig:10   | Found the +7 lajatang of Order {silver, rMut}
 71583 | Zig:11   | Entered Level 11 of a ziggurat
 71588 | Zig:11   | Noticed a greater mummy
 71589 | Zig:11   | Noticed a greater mummy
 71590 | Zig:11   | Noticed a greater mummy
 71590 | Zig:11   | Noticed a greater mummy
 71593 | Zig:11   | Killed a greater mummy
 71593 | Zig:11   | Reached skill level 15 in Fire Magic
 71594 | Zig:11   | Killed a greater mummy
 71597 | Zig:11   | Killed a greater mummy
 71597 | Zig:11   | HP: 5/140 [greater mummy's death curse (30)]
 71602 | Zig:11   | Killed a greater mummy
 71632 | Zig:11   | Found the +15 Maxwell's patent armour {-Cast -Tele rElec MR+ rCorr}
 71814 | Zig:11   | Identified Sif Muna's Catalogue of Changing and Ice
 71818 | Zig:11   | Got a wavering brass ring
 71819 | Zig:11   | Identified the ring "Gorphio" {rF+ rN+ Dex+4} (You found it on level 11 of a ziggurat)
 71830 | Zig:11   | Identified the Disquisition on Glamour
 71832 | Zig:11   | Identified the Incunabulum of Blows and Bruises
 71838 | Zig:11   | Lost mutation: You have sharp toenails. [potion of mutation]
 71838 | Zig:11   | Lost mutation: You are weak. (Str -2) [potion of mutation]
 71838 | Zig:11   | Gained mutation: Your body sometimes deteriorates upon taking damage. [potion of mutation]
 71838 | Zig:11   | Gained mutation: You have a pair of small horns on your head. [potion of mutation]
 71839 | Zig:11   | Lost mutation: Your body sometimes deteriorates upon taking damage. [potion of mutation]
 71839 | Zig:11   | Lost mutation: You have a pair of small horns on your head. [potion of mutation]
 71839 | Zig:11   | Gained mutation: You are weak. (Str -2) [potion of mutation]
 71839 | Zig:11   | Gained mutation: Scrolls take you a little longer to read. [potion of mutation]
 71839 | Zig:11   | Gained mutation: You are partially covered in molten scales. (AC +2) [potion of mutation]
 71840 | Zig:11   | Lost mutation: Scrolls take you a little longer to read. [potion of mutation]
 71840 | Zig:11   | Lost mutation: You are weak. (Str -2) [potion of mutation]
 71840 | Zig:11   | Gained mutation: You expend magic power (3 MP) to strengthen your wands. [potion of mutation]
 71841 | Zig:11   | Lost mutation: You expend magic power (3 MP) to strengthen your wands. [potion of mutation]
 71841 | Zig:11   | Lost mutation: You are partially covered in molten scales. (AC +2) [potion of mutation]
 71841 | Zig:11   | Gained mutation: You are agile. (Dex +2) [potion of mutation]
 71841 | Zig:11   | Gained mutation: You have sharp toenails. [potion of mutation]
 71850 | Zig:11   | Identified the +5 rapier of Tucsian {freeze, Int+4} (You found it on level 11 of a ziggurat)
 71853 | Zig:12   | Entered Level 12 of a ziggurat
 71962 | Zig:12   | Reached XP level 26. HP: 143/143 MP: 49/51
 71995 | Zig:13   | Entered Level 13 of a ziggurat
 72006 | Zig:13   | Reached skill level 1 in Armour
 72030 | Zig:13   | Identified the cursed +1 ring mail "Mofit" {rPois rC+ rCorr Dex-3} (You found it on level 13 of a ziggurat)
 72041 | Zig:13   | Got a crude bone ring
 72042 | Zig:13   | Identified the ring "Herefut" {Ice Str+4 Slay+3} (You found it on level 13 of a ziggurat)
 72058 | Zig:14   | Entered Level 14 of a ziggurat
 72132 | Zig:14   | Reached XP level 27. HP: 146/148 MP: 51/51
 72291 | Zig:14   | Learned a level 6 spell: Statue Form
 72354 | Zig:15   | Entered Level 15 of a ziggurat
 72369 | Zig:15   | Reached skill level 5 in Armour
 72409 | Zig:15   | Found the +7 Kryia's mail coat {PotionHeal*2 rC+}
 72410 | Zig:15   | Found the ring of the Octopus King
 72427 | Zig:15   | Identified a ring of the Octopus King {MP+9 AC+1 EV+1 Str+1 Int+1 Dex+1} (You found it on level 15 of a ziggurat)
 72492 | Zig:16   | Entered Level 16 of a ziggurat
 72508 | Zig:16   | Noticed an orb of fire
 72509 | Zig:16   | Noticed an orb of fire
 72509 | Zig:16   | Gained mutation: Armour fits poorly on your strangely shaped body. [an orb of fire]
 72511 | Zig:16   | Killed an orb of fire
 72525 | Zig:17   | Entered Level 17 of a ziggurat
 72741 | Zig:18   | Entered Level 18 of a ziggurat
 72777 | Zig:18   | Reached skill level 10 in Armour
 72781 | Zig:18   | Noticed an ancient lich
 72781 | Zig:18   | Noticed an ancient lich
 72782 | Zig:18   | Killed an ancient lich
 72783 | Zig:18   | Noticed an ancient lich
 72785 | Zig:18   | Killed an ancient lich
 72787 | Zig:18   | Killed an ancient lich
 72988 | Zig:18   | Lost mutation: You are agile. (Dex +2) [potion of mutation]
 72988 | Zig:18   | Lost mutation: Armour fits poorly on your strangely shaped body. [potion of mutation]
 72988 | Zig:18   | Lost mutation: You have sharp toenails. [potion of mutation]
 72988 | Zig:18   | Gained mutation: Your body sometimes deteriorates upon taking damage. [potion of mutation]
 72988 | Zig:18   | Gained mutation: Armour fits poorly on your strangely shaped body. [potion of mutation]
 72988 | Zig:18   | Gained mutation: You evolve. [potion of mutation]
 72989 | Zig:18   | Lost mutation: Armour fits poorly on your strangely shaped body. [potion of mutation]
 72989 | Zig:18   | Lost mutation: Your body sometimes deteriorates upon taking damage. [potion of mutation]
 72989 | Zig:18   | Lost mutation: You evolve. [potion of mutation]
 72989 | Zig:18   | Gained mutation: Scrolls take you a little longer to read. [potion of mutation]
 72989 | Zig:18   | Gained mutation: Scrolls take you longer to read. [potion of mutation]
 72989 | Zig:18   | Gained mutation: You are robust. (+10% HP) [potion of mutation]
 72990 | Zig:18   | Lost mutation: Scrolls take you longer to read. [potion of mutation]
 72990 | Zig:18   | Lost mutation: You are robust. (+10% HP) [potion of mutation]
 72990 | Zig:18   | Gained mutation: You occasionally shout uncontrollably at your foes. [potion of mutation]
 72990 | Zig:18   | Gained mutation: Your mind is acute. (Int +2) [potion of mutation]
 72991 | Zig:18   | Lost mutation: Scrolls take you a little longer to read. [potion of mutation]
 72991 | Zig:18   | Lost mutation: You occasionally shout uncontrollably at your foes. [potion of mutation]
 72991 | Zig:18   | Lost mutation: Your mind is acute. (Int +2) [potion of mutation]
 72991 | Zig:18   | Gained mutation: Your spells are a little easier to cast, but a little less powerful. [potion of mutation]
 72991 | Zig:18   | Gained mutation: Your magical capacity is low. (-10% MP) [potion of mutation]
 72991 | Zig:18   | Gained mutation: You expend magic power (3 MP) to strengthen your wands. [potion of mutation]
 72992 | Zig:18   | Lost mutation: You expend magic power (3 MP) to strengthen your wands. [potion of mutation]
 72992 | Zig:18   | Lost mutation: Your spells are a little easier to cast, but a little less powerful. [potion of mutation]
 72992 | Zig:18   | Lost mutation: Your magical capacity is low. (-10% MP) [potion of mutation]
 72992 | Zig:18   | Gained mutation: You are resistant to hostile enchantments. (MR+) [potion of mutation]
 72992 | Zig:18   | Gained mutation: Your flesh is cold resistant. (rC+) [potion of mutation]
 72992 | Zig:18   | Gained mutation: You are resistant to electric shocks. (rElec) [potion of mutation]
 72992 | Zig:18   | Gained mutation: You are partially covered in iridescent scales. (AC +2) [potion of mutation]
 73010 | Zig:19   | Entered Level 19 of a ziggurat
 73195 | Zig:19   | Got a faintly glowing copper ring
 73196 | Zig:19   | Identified the ring "Noschodd" {rElec Str+4} (You found it on level 19 of a ziggurat)
 73203 | Zig:19   | Identified Faozyaro's Tome of Earth and Envenoming
 73214 | Zig:19   | Identified the Incunabulum of Feathers and the Oath
 73219 | Zig:20   | Entered Level 20 of a ziggurat
 73238 | Zig:20   | Noticed an ancient lich
 73240 | Zig:20   | Noticed an ancient lich
 73241 | Zig:20   | Killed an ancient lich
 73243 | Zig:20   | Killed an ancient lich
 73243 | Zig:20   | Noticed an ancient lich
 73244 | Zig:20   | Noticed an ancient lich
 73245 | Zig:20   | Noticed an ancient lich
 73246 | Zig:20   | Killed an ancient lich
 73247 | Zig:20   | Killed an ancient lich
 73248 | Zig:20   | Killed an ancient lich
 73248 | Zig:20   | Noticed an ancient lich
 73252 | Zig:20   | Killed an ancient lich
 73265 | Zig:20   | Identified Tymnac's Introduction to Thaumaturgy
 73274 | Zig:20   | Identified the +0 robe of Ceiff {rF++ rC- Int+3 Stlth+} (You found it on level 20 of a ziggurat)
 73282 | Zig:20   | Identified Sif Muna's Almanac of the Traveller
 73295 | Zig:20   | Identified the +2 pair of gloves "Mogg" {rN+ Int+4} (You found it on level 20 of a ziggurat)
 73328 | Zig:20   | Learned a level 9 spell: Tornado
 73329 | Zig:21   | Entered Level 21 of a ziggurat
 73341 | Zig:21   | Reached skill level 1 in Air Magic
 73370 | Zig:22   | Entered Level 22 of a ziggurat
 73540 | Zig:22   | Noticed Zisuoc the pandemonium lord
 73541 | Zig:22   | Noticed Jimomic the pandemonium lord
 73541 | Zig:22   | Noticed Taozaiw the pandemonium lord
 73541 | Zig:22   | Noticed Sauxid the pandemonium lord
 73542 | Zig:22   | Noticed Diras the pandemonium lord
 73542 | Zig:22   | Noticed Dithotuo the pandemonium lord
 73542 | Zig:22   | Noticed Luemiag the pandemonium lord
 73542 | Zig:22   | Noticed Kissixist the pandemonium lord
 73543 | Zig:22   | Noticed Sefeudo the pandemonium lord
 73543 | Zig:22   | Noticed Unir Da Tesm the pandemonium lord
 73543 | Zig:22   | Noticed Ihyihale the pandemonium lord
 73547 | Zig:22   | Noticed Puecomusch the pandemonium lord
 73570 | Zig:22   | Noticed Muamisib the pandemonium lord
 73572 | Zig:22   | Noticed Reavah the pandemonium lord
 73576 | Zig:22   | Noticed Kyush the pandemonium lord
 73577 | Zig:22   | Found the cursed +14 obsidian axe {chop, +Fly SInv *Curse}
 73579 | Zig:23   | Entered Level 23 of a ziggurat
 73638 | Zig:23   | Reached skill level 5 in Air Magic
 73676 | Zig:24   | Entered Level 24 of a ziggurat
 73716 | Zig:24   | Gained mutation: You are weak. (Str -2) [mutagenic glow]
 73766 | Zig:24   | Reached skill level 10 in Air Magic
 73888 | Zig:24   | Identified the Grimoire of the Entourage and Unholy Secrets
 73896 | Zig:24   | Identified the +3 ring mail "Busy" {*Slow rC+++ rCorr Dex-2} (You found it on level 24 of a ziggurat)
 73901 | Zig:24   | Identified the Guide on Quantum Ice
 73908 | Zig:25   | Entered Level 25 of a ziggurat
 73922 | Zig:25   | Noticed an orb of fire
 73940 | Zig:25   | Gained mutation: Scrolls take you a little longer to read. [an orb of fire]
 73943 | Zig:25   | Killed an orb of fire
 73944 | Zig:25   | Noticed an orb of fire
 73950 | Zig:25   | Killed an orb of fire
 73959 | Zig:25   | Noticed an orb of fire
 73969 | Zig:25   | Gained mutation: You are clumsy. (Dex -2) [an orb of fire]
 73970 | Zig:25   | Noticed an orb of fire
 73970 | Zig:25   | Noticed an orb of fire
 73971 | Zig:25   | Noticed an orb of fire
 73971 | Zig:25   | Gained mutation: Scrolls take you longer to read. [an orb of fire]
 73971 | Zig:25   | Noticed an orb of fire
 73972 | Zig:25   | Gained mutation: You passively map a small area around you. [an orb of fire]
 73973 | Zig:25   | Noticed an orb of fire
 73982 | Zig:25   | Noticed an orb of fire
 73991 | Zig:25   | Found the macabre finger necklace {rN+}
 73997 | Zig:26   | Entered Level 26 of a ziggurat
 74054 | Zig:26   | Noticed Atalulol the pandemonium lord
 74064 | Zig:26   | Killed from afar by a Hell Sentinel

Vault maps used:
D:1:      dpeg_arrival_simpleton_a
D:2:      lemuel_round_altar, chequers_temple_overflow_statue_of_worship
D:4:      minmay_temple_entry_poolview, first_ration, uniq_sigmund,
          uniq_menkaure
D:5:      nicolae_overflow_crystal_walls
D:6:      lemuel_slime, kennysheep_mini, gup_sewer_entry_glass, uniq_pikel
D:7:      tgw_sif
D:8:      elyvilon_altar_3, basic_altar, nicolae_ossuary_entry_giza,
          lightli_bailey_entry_fortress
D:9:      lemuel_zombie_altar_yredelemnul, special_room, serial_shops, shop,
          david_nohive_1, corexii_corridor_pit, uniq_grum
D:10:     david_lair_generic, minmay_stone_trees_small
D:11:     orc_david_3, portal_ice_cave_entry_animals_and_master,
          kennysheep_generic_room_16, uniq_psyche
D:12:     serial_shops, shop, uniq_maurice, uniq_nessos, uniq_fannar
D:13:     grunt_vaults_entry_tiered, nicolae_trove_entry_free_sample,
          minmay_nine_imps
D:15:     hangedman_depths_entry_civil_slaughter, st_stairs_9, spider_trap,
          uniq_josephine
Lair:1:   uniq_gastronok, uniq_harold
Lair:2:   special_room, grunt_forest_stairs_clearing
Lair:3:   minmay_shoals_entry_lonely_mermaid,
          minmay_snake_entry_guardpost_small, minmay_holes, worms_lemuel,
          serial_bayou_shore_b, infiniplex_staircase_pool_2
Lair:6:   evil_forest, slime_altar_1, st_stairs_12
Shoals:2: uniq_polyphemus, uniq_louise
Shoals:3: serial_shops, shop_fountains, uniq_kirke, uniq_donald
Shoals:4: shoals_end_grunt_ice, shoal_ilsuiw, nicolae_shoals_square_sea_wall
Snake:1:  serial_bayou_pond_a, grunt_megastairs_3, uniq_aizul
Snake:2:  serial_shops, nicolae_shop_trees, uniq_jorgrun
Snake:3:  serial_bayou_shore_b
Snake:4:  minmay_snake_end_coiled, serial_bayou_pond_d
Slime:1:  cheibrodos_slime_lost_civilization_6
Slime:3:  basic_altar, nicolae_slime_phagocytosis
Orc:2:    grunt_orc_community_town_hall, grunt_orc_community_big_house_2,
          grunt_orc_community_big_house_1, grunt_orc_community_house_3,
          grunt_orc_community_house_2, grunt_orc_community_house_3,
          grunt_orc_community_house_3, grunt_orc_community_house_3, basic_altar,
          statue_in_the_mist_lemuel
Elf:1:    serial_shops, shop, orc_legates
Elf:3:    elf_hall, serial_shops, shop, nicolae_shop_trees, shop_statue, shop,
          shop, uniq_asterion
Vaults:1: vaults_room_octagon, ontoclasm_vaults_hangar, v_misc_33,
          nicolae_vaults_yaktaur_gun_rack, v_alt_pattern_3, v_alt_pattern_1,
          vaults_room_large_hall, vaults_room_stairs_pillars
Vaults:2: vaults_dpeg_cross, hangedman_vaults_river_flow, v_alt_pattern_2,
          hangedman_vaults_pinch, minmay_crypt_entry_skeletal_spiral,
          hangedman_vaults_stagger, nicolae_vaults_little_squares_6,
          vaults_room_door_ring, ontoclasm_vaults_chip, uniq_mennas
Vaults:3: v_misc_26, hangedman_vaults_capsules, nicolae_vaults_big_ls,
          vaults_room_grunt_arrival_checkpoint, nicolae_vaults_border_crossing,
          ontoclasm_vaults_eye, st_cells, nicolae_vaults_little_ls,
          ontoclasm_vaults_loading_screen, ontoclasm_vaults_loading_screen,
          nicolae_vaults_angled_halls, lightli_enter_wizlab_magi_temple
Vaults:4: v_rooms_6, ontoclasm_vaults_ring_square, v_misc_11,
          nicolae_vaults_theta, v_rooms_4, vaults_room_door_ring,
          vaults_room_door_hall, v_misc_16, uniq_boris, uniq_margery
Crypt:1:  grunt_crypt_arrival_guarded_gate
Crypt:2:  uniq_khufu
Crypt:3:  cryptofortress_bobbens
Depths:1: hell_entry, hangedman_abyss_or_decor_passed, serial_column_ruins,
          column_ruins_portal_island, column_ruins_square_medium,
          column_ruins_square_large, column_ruins_open_tiny,
          column_ruins_grid_3, column_ruins_columns_water, column_ruins_grid_1,
          column_ruins_grid_1, eino_curves_03, pandoras_box_mu
Depths:2: impenetrable_vault, hell_entry, special_room, serial_bayou_pond_e,
          hangedman_decor_growths, infiniplex_staircase_zigzag_4
Depths:3: minmay_shrinking_squares, pf_dread_powers_of_hell, abyss_entry,
          minmay_misc_feat_doors, rand_demon_pan_entry_1, kennysheep_dice,
          infiniplex_staircase_zigzag_5
Depths:4: minmay_guarded_unrand_majin_bo,
          nicolae_abyss_entry_one_way_or_another, grunt_decor_clamped,
          hell_entry, grunt_pan_entry_spiral, lightli_fourway_metalbox,
          firewood_loft, infiniplex_staircase_squiggle
Depths:5: grunt_zot_entry_tricorne, enter_ziggurat_d, ashenzari_altar_1,
          serial_shops, nicolae_shop_trees, hell_entry, uniq_jory
Zig:4:    ziggurat_pillar_centre_dead_trees
Zig:7:    ziggurat_pillar_centre_c
Zig:21:   ziggurat_pillar_centre_drop
Sewer:    kennysheep_pipe_town
Ossuary:  minmay_ossuary_gauntlet
Bailey:   bailey_polearm_5, bailey
IceCv:    ice_cave_statue_garden_transporter
WizLab:   wizlab_golubria

Skill      XL: |  1  2  3  4  5  6  7  8  9 10 11 12 13 14 15 16 17 18 19 20 21 22 23 24 25 26 27 |
---------------+----------------------------------------------------------------------------------+-----
Earth Magic    | 4 5 7 9 11 13 16 18 21 22 | 22.0
Spellcasting   | 7 13 15 16 17 20 22 | 22.0
Conjurations   | 2 4 7 9 13 15 17 21 | 21.7
Dodging        | 3 9 10 12 16 18 | 18.0
Fighting       | 2 7 8 9 |  9.0
Stealth        | 7 11 13 | 13.0
Fire Magic     | 4 7 11 16 17 21 | 21.4
Shields        | 9 11 13 16 | 16.5
Summonings     | 4 10 | 10.6
Evocations     | 2 4 |  4.2
Translocations | 16 18 | 18.0
Armour         | 3 10 | 10.0
Air Magic      | 12 | 12.7
Transmutations | |  1.1

Action                   |  1- 3 |  4- 6 |  7- 9 | 10-12 | 13-15 | 16-18 | 19-21 | 22-24 | 25-27 || total
-------------------------+-------+-------+-------+-------+-------+-------+-------+-------+-------++-------
Melee: Unarmed           |     2 |     2 |       |       |       |       |       |       |       ||     4
       Flail             |       |       |    17 |    38 |    35 |       |       |       |       ||    90
       Staff             |       |       |       |       |    19 |    50 |    50 |    77 |    41 ||   237
 Fire: Blowgun           |       |       |     5 |       |       |       |       |       |       ||     5
 Cast: Sandblast         |    55 |    29 |    92 |    37 |     5 |       |       |       |       ||   218
       Stone Arrow       |       |    16 |   100 |   293 |   140 |    98 |    27 |     3 |       ||   677
       Flame Tongue      |       |       |    31 |    13 |       |       |       |       |       ||    44
       Petrify           |       |       |     2 |     8 |     5 |       |       |       |       ||    15
       Lee's Rapid Decon |       |       |     9 |    96 |   160 |   203 |   128 |    93 |     4 ||   693
       Bolt of Magma     |       |       |       |       |   203 |    81 |   229 |   117 |     2 ||   632
       Iron Shot         |       |       |       |       |     2 |   263 |   279 |   339 |    70 ||   953
       Spellforged Servi |       |       |       |       |       |    53 |    66 |    71 |    14 ||   204
       Shatter           |       |       |       |       |       |       |    32 |   131 |   132 ||   295
       Controlled Blink  |       |       |       |       |       |       |       |     8 |    16 ||    24
       Fire Storm        |       |       |       |       |       |       |       |       |    28 ||    28
       Statue Form       |       |       |       |       |       |       |       |       |    16 ||    16
 Abil: End Transformatio |       |       |       |       |       |       |       |       |     2 ||     2
Evoke: Wand              |       |       |       |    18 |       |       |     5 |    12 |     7 ||    42
       Phial of floods   |       |       |       |       |     1 |     1 |     1 |     3 |     2 ||     8
       Box of beasts     |       |       |       |       |       |       |     2 |       |     7 ||     9
       Phantom mirror    |       |       |       |       |       |       |     1 |       |     3 ||     4
  Use: Scroll            |       |     5 |    14 |    22 |    11 |    17 |    11 |    19 |    35 ||   134
       Potion            |       |       |       |     1 |     3 |     6 |    12 |     4 |    36 ||    62
 Stab: Distracted        |       |       |       |       |       |     1 |     3 |       |       ||     4
  Eat: Chunk             |     1 |     4 |     6 |    21 |    19 |    17 |    24 |    19 |     3 ||   114
       Ration            |       |       |     2 |     2 |     2 |     9 |     8 |    16 |     7 ||    46
Armor: Robe              |     6 |    10 |    32 |    32 |    41 |    26 |    33 |    51 |     9 ||   240
       Skin              |       |       |       |       |       |       |       |       |   161 ||   161
Dodge: Dodged            |    26 |    19 |    65 |   158 |   151 |   134 |   139 |   195 |   397 ||  1284
Block: Shield            |       |       |       |       |       |   176 |   250 |   180 |   364 ||   970
       Reflection        |       |       |       |       |       |    43 |    70 |    36 |    47 ||   196

Table legend:
 A = Spawn XP
 B = Non-spawn XP
 C = Spawn XP percentage of total XP
 D = Spawn monster count
 E = Non-spawn monster count
 F = Spawn count percentage of total count
 G = Total turns spent on level
                    A         B        C        D         E        F      G
               +---------+---------+-------+---------+---------+-------+---------
         Total |       0 | 1723771 |   0.0 |       0 |    2868 |   0.0 | 74064
               +---------+---------+-------+---------+---------+-------+---------
           D:1 |       0 |      34 |   0.0 |       0 |      21 |   0.0 |   789
           D:2 |       0 |      98 |   0.0 |       0 |      21 |   0.0 |  1053
           D:3 |       0 |     330 |   0.0 |       0 |      14 |   0.0 |   567
           D:4 |       0 |     385 |   0.0 |       0 |      15 |   0.0 |   437
           D:5 |       0 |     185 |   0.0 |       0 |       7 |   0.0 |   561
           D:6 |       0 |    1219 |   0.0 |       0 |      30 |   0.0 |   773
           D:7 |       0 |     768 |   0.0 |       0 |      15 |   0.0 |   856
           D:8 |       0 |    2638 |   0.0 |       0 |      56 |   0.0 |   792
           D:9 |       0 |    5544 |   0.0 |       0 |      70 |   0.0 |  1008
          D:10 |       0 |    3824 |   0.0 |       0 |      28 |   0.0 |  1375
          D:11 |       0 |    6591 |   0.0 |       0 |      34 |   0.0 |  1078
          D:12 |       0 |    7777 |   0.0 |       0 |      25 |   0.0 |   880
          D:13 |       0 |   14361 |   0.0 |       0 |      63 |   0.0 |  1760
          D:14 |       0 |    9130 |   0.0 |       0 |      27 |   0.0 |   737
          D:15 |       0 |   22426 |   0.0 |       0 |      45 |   0.0 |  1114
        Lair:1 |       0 |    3807 |   0.0 |       0 |      13 |   0.0 |   820
        Lair:2 |       0 |    2450 |   0.0 |       0 |      14 |   0.0 |  1161
        Lair:3 |       0 |    2726 |   0.0 |       0 |      13 |   0.0 |  1602
        Lair:4 |       0 |    8666 |   0.0 |       0 |      29 |   0.0 |  1215
        Lair:5 |       0 |    7750 |   0.0 |       0 |      19 |   0.0 |  1169
        Lair:6 |       0 |   20066 |   0.0 |       0 |      62 |   0.0 |  1837
      Shoals:1 |       0 |    9160 |   0.0 |       0 |      19 |   0.0 |  2095
      Shoals:2 |       0 |   26872 |   0.0 |       0 |      50 |   0.0 |  1281
      Shoals:3 |       0 |   17564 |   0.0 |       0 |      38 |   0.0 |  1678
      Shoals:4 |       0 |   34140 |   0.0 |       0 |      53 |   0.0 |  1828
       Snake:1 |       0 |   14818 |   0.0 |       0 |      27 |   0.0 |  1311
       Snake:2 |       0 |   29677 |   0.0 |       0 |      57 |   0.0 |  2010
       Snake:3 |       0 |    5397 |   0.0 |       0 |      13 |   0.0 |  1201
       Snake:4 |       0 |   43356 |   0.0 |       0 |      83 |   0.0 |  3025
       Slime:1 |       0 |   10691 |   0.0 |       0 |      29 |   0.0 |   550
       Slime:2 |       0 |   12076 |   0.0 |       0 |      25 |   0.0 |   109
       Slime:3 |       0 |    2875 |   0.0 |       0 |       5 |   0.0 |   239
       Slime:4 |       0 |   11494 |   0.0 |       0 |      14 |   0.0 |  1960
       Slime:5 |       0 |   50261 |   0.0 |       0 |      46 |   0.0 |  2456
         Orc:1 |       0 |    2710 |   0.0 |       0 |      35 |   0.0 |   652
         Orc:2 |       0 |   10598 |   0.0 |       0 |      88 |   0.0 |  1336
         Elf:1 |       0 |   27965 |   0.0 |       0 |      51 |   0.0 |  1212
         Elf:2 |       0 |   18521 |   0.0 |       0 |      29 |   0.0 |   953
         Elf:3 |       0 |   66898 |   0.0 |       0 |      71 |   0.0 |  2369
      Vaults:1 |       0 |   31474 |   0.0 |       0 |      51 |   0.0 |  1673
      Vaults:2 |       0 |   47041 |   0.0 |       0 |      69 |   0.0 |  2962
      Vaults:3 |       0 |   58993 |   0.0 |       0 |      91 |   0.0 |  1927
      Vaults:4 |       0 |   44243 |   0.0 |       0 |      70 |   0.0 |  1682
      Vaults:5 |       0 |   32917 |   0.0 |       0 |      36 |   0.0 |     7
       Crypt:1 |       0 |   15879 |   0.0 |       0 |      36 |   0.0 |  1075
       Crypt:2 |       0 |   47626 |   0.0 |       0 |      64 |   0.0 |  1715
       Crypt:3 |       0 |   63495 |   0.0 |       0 |      90 |   0.0 |  1215
      Depths:1 |       0 |   33760 |   0.0 |       0 |      45 |   0.0 |   736
      Depths:2 |       0 |   42270 |   0.0 |       0 |      49 |   0.0 |  1426
      Depths:3 |       0 |   52710 |   0.0 |       0 |      65 |   0.0 |  1649
      Depths:4 |       0 |   56812 |   0.0 |       0 |      76 |   0.0 |  2167
      Depths:5 |       0 |   54192 |   0.0 |       0 |      47 |   0.0 |  1577
         Zig:1 |       0 |    1786 |   0.0 |       0 |       3 |   0.0 |    14
         Zig:2 |       0 |    1879 |   0.0 |       0 |       2 |   0.0 |    36
         Zig:3 |       0 |    4600 |   0.0 |       0 |      12 |   0.0 |    93
         Zig:4 |       0 |    2609 |   0.0 |       0 |       7 |   0.0 |    39
         Zig:5 |       0 |   12906 |   0.0 |       0 |       5 |   0.0 |    46
         Zig:6 |       0 |   12022 |   0.0 |       0 |      11 |   0.0 |   224
         Zig:7 |       0 |    5125 |   0.0 |       0 |      19 |   0.0 |    73
         Zig:8 |       0 |    9785 |   0.0 |       0 |      17 |   0.0 |   172
         Zig:9 |       0 |   11030 |   0.0 |       0 |      19 |   0.0 |    54
        Zig:10 |       0 |   14112 |   0.0 |       0 |      16 |   0.0 |   281
        Zig:11 |       0 |   31698 |   0.0 |       0 |      27 |   0.0 |   270
        Zig:12 |       0 |   25185 |   0.0 |       0 |      18 |   0.0 |   142
        Zig:13 |       0 |   20513 |   0.0 |       0 |      28 |   0.0 |    63
        Zig:14 |       0 |   14667 |   0.0 |       0 |      25 |   0.0 |   296
        Zig:15 |       0 |   34466 |   0.0 |       0 |      64 |   0.0 |   138
        Zig:16 |       0 |   24522 |   0.0 |       0 |      21 |   0.0 |    33
        Zig:17 |       0 |   42821 |   0.0 |       0 |      28 |   0.0 |   216
        Zig:18 |       0 |   65123 |   0.0 |       0 |      35 |   0.0 |   269
        Zig:19 |       0 |   54782 |   0.0 |       0 |      53 |   0.0 |   209
        Zig:20 |       0 |   85925 |   0.0 |       0 |      38 |   0.0 |   110
        Zig:21 |       0 |    4907 |   0.0 |       0 |      12 |   0.0 |    41
        Zig:22 |       0 |    2872 |   0.0 |       0 |       3 |   0.0 |   209
        Zig:23 |       0 |   23718 |   0.0 |       0 |      38 |   0.0 |    97
        Zig:24 |       0 |   64572 |   0.0 |       0 |      76 |   0.0 |   232
        Zig:25 |       0 |   24438 |   0.0 |       0 |      19 |   0.0 |    89
        Zig:26 |       0 |    7453 |   0.0 |       0 |       8 |   0.0 |    67
         Sewer |       0 |     229 |   0.0 |       0 |      24 |   0.0 |   274
       Ossuary |       0 |     128 |   0.0 |       0 |      16 |   0.0 |   282
        Bailey |       0 |    3860 |   0.0 |       0 |      40 |   0.0 |   914
         IceCv |       0 |    1330 |   0.0 |       0 |       7 |   0.0 |    99
        WizLab |       0 |   17448 |   0.0 |       0 |      34 |   0.0 |  1322
               +---------+---------+-------+---------+---------+-------+---------
